 Dungeon Crawl Stone Soup version 0.20.1-1-g8b1a95d (webtiles) character file.

4659 Irenicus the Grappler (level 10, 0/91 HPs)
             Began as a Troll Chaos Knight on Oct 8, 2017.
             Slain by a two-headed ogre
             ... wielding a +0 dire flail
              (28 damage)
             ... on level 9 of the Dungeon.
             The game lasted 00:16:08 (4789 turns).

Irenicus the Grappler (Troll Chaos Knight)          Turns: 4789, Time: 00:16:08

Health: 0/91       AC:  8    Str: 25 (27) XL:     10   Next: 20%
Magic:  10/10      EV: 10    Int:  6 (8)  God:    Xom [.*....]
Gold:   518        SH:  0    Dex: 12 (14) Spells: 8/9 levels left

rFire    . . .     SeeInvis .     - Unarmed
rCold    . . .     Gourm    +   (no shield)
rNeg     . . .     Faith    .   a - +2 robe
rPois    .         Spirit   .   (helmet restricted)
rElec    .         Reflect  .   q - +0 cloak
rCorr    .         Harm     +   (gloves unavailable)
MR       +....                  (boots unavailable)
Stlth    +.........             A - amulet of harm
Regen    0.7/turn               d - +5 ring of strength
MPRegen  0.2/turn               (no ring)

@: no status effects
A: unfitting armour, antennae 1, claws 3, agile 1, fast metabolism 3, gourmand,
high mp 1, magic resistance 1, sense surroundings 1, regeneration 1, shaggy fur
1, tough skin 2
a: Renounce Religion


You were on level 9 of the Dungeon.
You worshipped Xom.
You were a plaything of Xom.
You were completely stuffed.

You visited 1 branch of the dungeon, and saw 9 of its levels.

You collected 518 gold pieces.

Inventory:

Hand Weapons
 t - the +10 mace of the Candle {crush, Str+4}
   (You found it on level 4 of the Dungeon)

   It inflicts extra damage upon your enemies.
   It affects your strength (+4).
Armour
 a - a +2 robe (worn)
 q - a +0 cloak (worn)
Jewellery
 d - a +5 ring of strength (left claw)
 A - an amulet of harm (around neck)
 G - an uncursed ring of fire
 J - a cursed -2 ring of evasion {unknown}
Scrolls
 c - 2 scrolls of enchant armour {unknown}
 g - 10 scrolls of identify {unknown}
 l - 5 scrolls of teleportation {unknown}
 o - 4 scrolls of remove curse {unknown}
 p - a scroll of fog {unknown}
 v - 3 scrolls of amnesia {unknown}
 y - 2 scrolls of fear {unknown}
 C - a scroll of silence {unknown}
 F - 4 scrolls of magic mapping {unknown}
Potions
 e - 2 potions of cancellation
 h - 5 potions of curing
 j - a potion of lignification {unknown}
 k - 2 potions of magic {unknown}
 m - 2 potions of heal wounds {unknown}
 n - a potion of agility
 s - 2 potions of flight {unknown}
 u - 3 potions of brilliance {unknown}
 x - a potion of might {unknown}
 D - a potion of resistance {unknown}
 E - a potion of haste {unknown}
 I - a potion of mutation {unknown}
Books
 w - a book of Changes

   Spells                             Type                      Level
   a - Beastly Appendage              Transmutation                1
   b - Sticks to Snakes               Transmutation                2
   c - Spider Form                    Transmutation/Poison         3
   d - Ice Form                       Ice/Transmutation            4
   e - Blade Hands                    Transmutation                5
 B - a book of Debilitation

   Spells                             Type                      Level
   a - Corona                         Hexes                        1
   b - Slow                           Hexes                        2
   c - Inner Flame                    Hexes/Fire                   3
   d - Portal Projectile              Hexes/Translocation          3
   e - Cause Fear                     Hexes                        4
   f - Leda's Liquefaction            Hexes/Earth                  4
Comestibles
 b - 5 bread rations
 f - 6 fruits
 i - a royal jelly
 r - 2 meat rations
 H - 6 chunks of flesh


   Skills:
 - Level 3.0 Fighting
 - Level 0.3 Maces & Flails
 - Level 2.0 Dodging
 + Level 14.2 Unarmed Combat
 + Level 1.2 Transmutations


You had 8 spell levels left.
You knew the following spells:

 Your Spells              Type           Power        Failure   Level  Hunger
a - Beastly Appendage     Tmut           #.....       30%         1    ##.....


Dungeon Overview and Level Annotations

Branches:
Dungeon (9/15)             Temple (0/1) D:4            Lair (0/6) D:8
    Orc: D:9-12

Altars:
Ru
Xom
The Shining One

Shops:
D:5 }


Innate Abilities, Weirdness & Mutations

You are too large for most types of armour.
You have claws for hands.
Your metabolism is lightning-fast.
You like to eat raw meat.
Your natural rate of healing is unusually fast.
You are covered in fur. (AC +1)
You have very tough skin. (AC +2)
You have a pair of small antennae on your head.
You are agile. (Dex +2)
You have an increased reservoir of magic. (+10% MP)
You are resistant to hostile enchantments. (MR+)
You passively map a small area around you.


Message History

The two-headed ogre hits you but does no damage.
You aren't carrying any items that you can evoke.
Okay, then.
You feel better.
You scratch the two-headed ogre.
The two-headed ogre is moderately wounded.
The two-headed ogre hits you with a dire flail!
* * * LOW HITPOINT WARNING * * *
The two-headed ogre barely misses you.
It was a potion of degeneration.
There was something very wrong with that liquid.
You feel weakened.
You feel dopey.
You feel clumsy.
Xom is mildly amused.
Xom thinks this is hilarious!
The two-headed ogre hits you with a dire flail!
* * * LOW HITPOINT WARNING * * *
The two-headed ogre completely misses you.
You feel better.
The two-headed ogre hits you with a dire flail!!
You die...
Xom howls with laughter!

,
#.........##...'.....
,
#.........######.....
* #.........# #.....
##+######## ######
,,,* #### *
##+####### #...
#........# #####...
#?@......# #...+...
#..O..?..# #.###...
#........+...* #.?.
#........####* #...
#........# #.%. ,
#........# ##+# *
#........# ,
##......## *#.._..##


You could see a two-headed ogre.

Vanquished Creatures
  A two-headed ogre (D:9)
  Pikel (D:4)
  Psyche (D:9)
  The ghost of BGT the Poker, an amateur MfSk of Sif Muna (D:4)
  Sigmund (D:2)
  Grum (D:9)
  3 wargs (D:8)
  Edmund (D:6)
  Duvessa (D:4)
  A sky beast (D:8)
  2 slaves
  A black bear (D:6)
  A phantom (D:6)
  2 ogres
  3 wolves (D:9)
  A centaur (D:6)
  3 bullfrogs
  Dowan (D:4)
  A howler monkey (D:7)
  A crimson imp (D:5)
  Crazy Yiuf (D:3)
  4 orc priests
  2 bullfrog skeletons
  A centaur skeleton (D:8)
  3 hounds
  3 jellies
  Jessica (D:2)
  Terence (D:2)
  2 iguanas
  8 orc wizards
  7 worker ants
  8 adders
  An ooze (D:3)
  An adder skeleton (D:5)
  2 worms
  3 dart slugs
  4 leopard geckos
  20 orcs
  5 ball pythons
  4 giant cockroaches
  6 goblins
  9 hobgoblins
  7 jackals
  2 quokkas
  7 bats
  5 frilled lizards
  4 kobolds
  A leopard gecko zombie (D:6)
  A quokka skeleton (D:5)
  30 rats
181 creatures vanquished.

Vanquished Creatures (others)
  Grinder (D:6)
  An orc priest (D:8)
  A hound (D:6)
  4 orcs
7 creatures vanquished.

Grand Total: 188 creatures vanquished

Notes
Turn   | Place    | Note
-------+----------+-------------------------------------------
     0 | D:1      | Irenicus the Troll Chaos Knight began the quest for the Orb.
     0 | D:1      | Reached XP level 1. HP: 22/22 MP: 0/0
   126 | D:1      | Reached XP level 2. HP: 29/29 MP: 1/1
   297 | D:1      | Reached XP level 3. HP: 36/36 MP: 2/2
   423 | D:1      | XOM: divination: detect creatures
   512 | D:2      | Noticed Jessica
   517 | D:2      | Killed Jessica
   517 | D:2      | Reached skill level 4 in Unarmed Combat
   518 | D:2      | Reached XP level 4. HP: 37/45 MP: 3/3
   687 | D:2      | Noticed Terence
   696 | D:2      | Killed Terence
   820 | D:2      | Noticed Sigmund
   825 | D:2      | XOM: confuse monster(s)
   830 | D:2      | Killed Sigmund
   830 | D:2      | Reached skill level 6 in Unarmed Combat
   830 | D:2      | Reached XP level 5. HP: 39/53 MP: 4/4
  1085 | D:3      | Reached XP level 6. HP: 61/61 MP: 5/5
  1316 | D:3      | Found a runed door.
  1319 | D:3      | XOM is BORED!
  1319 | D:3      | XOM: mild Chrm miscast
  1320 | D:3      | Noticed Crazy Yiuf
  1323 | D:3      | Killed Crazy Yiuf
  1522 | D:4      | Noticed Pikel
  1522 | D:4      | Noticed a slave
  1522 | D:4      | Noticed a slave
  1522 | D:4      | Noticed a slave
  1522 | D:4      | Noticed a slave
  1529 | D:4      | Found a staircase to the Ecumenical Temple.
  1541 | D:4      | XOM: summons friendly shadow imp
  1551 | D:4      | XOM: enchant monster (good)
  1587 | D:3      | XOM: potion effect (invisibility)
  1590 | D:3      | XOM: silly message
  1599 | D:2      | XOM: potion effect (heal wounds)
  1604 | D:2      | Killed a slave
  1610 | D:3      | Killed a slave
  1618 | D:3      | XOM: harmless Pois miscast
  1622 | D:4      | XOM: harmless Erth miscast
  1626 | D:4      | Killed Pikel
  1626 | D:4      | Reached skill level 8 in Unarmed Combat
  1626 | D:4      | Reached XP level 7. HP: 61/67 MP: 6/6
  1640 | D:4      | Reached skill level 9 in Unarmed Combat
  1863 | D:4      | Noticed BGT's ghost (amateur MfSk)
  1870 | D:4      | XOM: confuse monster(s)
  1879 | D:4      | Killed BGT's ghost
  1879 | D:4      | Reached XP level 8. HP: 75/75 MP: 7/7
  1891 | D:4      | XOM: divination: magic mapping
  1904 | D:4      | Got an ancient mace
  1905 | D:4      | Identified the +10 mace of the Candle {crush, Str+4} (You found it on level 4 of the Dungeon)
  2100 | D:4      | Noticed Duvessa
  2100 | D:4      | Noticed Dowan
  2118 | D:4      | Killed Duvessa
  2181 | D:4      | Killed Dowan
  2181 | D:4      | Reached skill level 10 in Unarmed Combat
  2324 | D:5      | Entered Level 5 of the Dungeon
  2373 | D:5      | Found Caxum's Gadget Boutique.
  2435 | D:5      | Learned a level 1 spell: Beastly Appendage
  2548 | D:5      | XOM: scenery: create altars
  2829 | D:6      | Noticed Grinder
  2838 | D:6      | Killed Grinder
  2838 | D:6      | Reached skill level 11 in Unarmed Combat
  2838 | D:6      | XOM: divine lightning
  2856 | D:6      | XOM: god gift: fuming grey potion {god gift}
  2897 | D:6      | XOM: give mutations
  2897 | D:6      | Gained mutation: You are agile. (Dex +2) [Xom's grace]
  2897 | D:6      | Gained mutation: You passively map a small area around you. [Xom's grace]
  2897 | D:6      | Gained mutation: You have a pair of small antennae on your head. [Xom's grace]
  2971 | D:6      | XOM: potion effect (invisibility)
  3033 | D:6      | Noticed Edmund
  3052 | D:6      | XOM: mild Ice miscast
  3056 | D:6      | Killed Edmund
  3059 | D:6      | Reached XP level 9. HP: 57/81 MP: 6/8
  3404 | D:7      | Reached skill level 12 in Unarmed Combat
  3542 | D:7      | Reached skill level 1 in Transmutations
  3695 | D:7      | XOM: god gift: scroll labeled BYUMAV ZICUCIN {god gift}
  4026 | D:8      | Found a sacrificial altar of Ru.
  4026 | D:8      | Found a staircase to the Lair.
  4026 | D:8      | XOM: 7-stop teleportation journey
  4150 | D:8      | XOM: destruction
  4265 | D:8      | XOM: destruction
  4267 | D:8      | Reached skill level 13 in Unarmed Combat
  4397 | D:8      | XOM: summons 1 hostile shadow creature
  4555 | D:8      | XOM is BORED!
  4555 | D:8      | XOM: medium Hex miscast
  4560 | D:8      | XOM: give mutations
  4560 | D:8      | Gained mutation: You are resistant to hostile enchantments. (MR+) [Xom's grace]
  4560 | D:8      | Gained mutation: You have an increased reservoir of magic. (+10% MP) [Xom's grace]
  4668 | D:9      | Noticed Psyche
  4668 | D:9      | Noticed Grum
  4672 | D:9      | Killed Psyche
  4690 | D:9      | Killed Grum
  4691 | D:9      | Reached XP level 10. HP: 38/91 MP: 10/10
  4765 | D:9      | Noticed a two-headed ogre
  4767 | D:9      | XOM: butterfly on damage
  4769 | D:9      | Killed a two-headed ogre
  4769 | D:9      | Reached skill level 14 in Unarmed Combat
  4780 | D:9      | Found a glowing golden altar of the Shining One.
  4780 | D:9      | XOM: 7-stop teleportation journey
  4781 | D:9      | Noticed a two-headed ogre
  4789 | D:9      | Slain by a two-headed ogre

Skill      XL: |  1  2  3  4  5  6  7  8  9 10 |
---------------+-------------------------------+-----
Dodging        | 2 |  2.0
Fighting       | 3 |  3.0
Unarmed Combat | 4 6 8 9 11 13 14 | 14.2
Transmutations | 1 |  1.2
Maces & Flails | |  0.3

Action                   |  1- 3 |  4- 6 |  7- 9 | 10-12 || total
-------------------------+-------+-------+-------+-------++-------
Melee: Unarmed           |    86 |   157 |   230 |     7 ||   480
       Punch             |       |     2 |    12 |     1 ||    15
       Mace              |       |       |     7 |       ||     7
       Kick              |       |       |     1 |       ||     1
       Headbutt          |       |       |     1 |       ||     1
 Cast: Beastly Appendage |       |       |     3 |       ||     3
  Use: Potion            |       |       |     1 |     3 ||     4
 Stab: Invisible         |       |       |     3 |       ||     3
       Distracted        |       |       |     1 |       ||     1
  Eat: Chunk             |    10 |    11 |    24 |     5 ||    50
Armor: Robe              |    48 |    65 |    74 |     2 ||   189
Dodge: Dodged            |    59 |   100 |    92 |     4 ||   255
